 Crawl Stoat Soup version 0.22-s0-43-ga5c91f0 (webtiles) character file.

1329 catcat the Basher (level 8, 0/105 HPs)
             Began as a Mountain Dwarf Fighter on Apr 26, 2020.
             Was a Follower of Okawaru.
             Slain by a sky beast (5 damage)
             ... on level 9 of the Dungeon.
             The game lasted 00:10:33 (4664 turns).

catcat the Basher (Mountain Dwarf Fighter)          Turns: 4664, Time: 00:10:33

Health: 0/105      AC: 14    Str: 28    XL:     8   Next: 34%
Magic:  7/7        EV:  8    Int:  6    God:    Okawaru [*.....]
Gold:   271        SH: 10    Dex: 11    Spells: 7/7 levels left

rFire    . . .     SeeInvis .   G - +0 morningstar
rCold    . . .     Gourm    .   c - +0 shield
rNeg     + . .     Faith    .   z - +0 plate armour
rPois    .         Spirit   .   (no helmet)
rElec    .         Warding  .   K - +0 cloak
rCorr    .         Reflect  .   (no gloves)
MR       .....     Harm     .   n - +0 pair of boots {Fly}
Stlth    ..........             h - amulet of regeneration
HPRegen  0.67/turn              m - ring of positive energy
MPRegen  0.10/turn              y - +3 ring of evasion

@: berserking, lethally poisoned (0 -> 0), flying, very quick
A: no striking features
a: Heroism, Renounce Religion, Stop Flying


You were on level 9 of the Dungeon.
You worshipped Okawaru.
Okawaru was aware of your devotion.
You were not hungry.

You visited 2 branches of the dungeon, and saw 8 of its levels.
You also visited: Ossuary.

You collected 271 gold pieces.

Inventory:

Hand Weapons
 a - a +0 flail
 g - a +0 dagger
 k - a +0 hunting sling
 G - a +0 morningstar (weapon)
Missiles
 l - 79 sling bullets
Armour
 b - a +0 scale mail
 c - a +0 shield (worn)
 n - a +0 pair of boots of flying (worn)
 z - a +0 plate armour (worn)
 K - a +0 cloak (worn)
Jewellery
 h - an amulet of regeneration (around neck)
 m - a ring of positive energy (left hand)
 t - an uncursed ring of stealth
 y - a +3 ring of evasion (right hand)
 F - an uncursed ring of resist corrosion
 L - an uncursed ring of ice
Wands
 s - a wand of flame (35)
 M - a wand of polymorph (16)
 N - a wand of digging (12)
Scrolls
 j - 2 scrolls of remove curse
 p - 6 scrolls of teleportation
 w - a scroll of fear {unknown}
 B - 2 scrolls of immolation {unknown}
 D - a scroll of enchant armour {unknown}
 H - a scroll of random uselessness {unknown}
 J - 2 scrolls of enchant weapon {unknown}
 P - 2 scrolls of magic mapping {unknown}
 Q - a scroll of amnesia {unknown}
Potions
 d - 2 potions of might
 e - 3 potions of agility
 o - a potion of flight
 q - a potion of haste
 r - 2 potions of berserk rage
 v - 2 potions of curing
 x - 2 potions of cancellation
 A - 2 potions of magic
 C - a potion of degeneration
 I - a potion of ambrosia {unknown}
 O - a potion of heal wounds {unknown}
Comestibles
 f - 6 bread rations
 i - 5 fruits
 u - 4 meat rations
 E - 3 chunks of flesh


   Skills:
 - Level 6.0 Fighting
 * Level 10.6 Maces & Flails
 - Level 4.0 Armour
 - Level 1.2 Dodging
 - Level 5.0 Shields


You had 7 spell levels left.
You didn't know any spells.
Your spell library contained the following spells:

 Spells                   Type           Power        Failure   Level  Hunger
 Animate Skeleton         Necr           N/A          100%        1    ##.....
 Magic Dart               Conj           #...         100%        1    ##.....
 Pain                     Necr           #...         100%        1    ##.....
 Blink                    Tloc           N/A          100%        2    ###....
 Call Imp                 Summ           #.......     100%        2    ###....
 Slow                     Hex            #.......     100%        2    ###....
 Conjure Flame            Conj/Fire      #.......     100%        3    ####...
 Mephitic Cloud           Conj/Pois/Air  #.......     100%        3    ####...
 Regeneration             Chrm/Necr      #.........   100%        3    ####...
 Vampiric Draining        Necr           #.........   100%        3    ####...
 Animate Dead             Necr           N/A          100%        4    #####..


Dungeon Overview and Level Annotations

Branches:
Dungeon (6/15)             Temple (1/1) D:5

Altars:
Ashenzari
Cheibriados
Dithmenos
Elyvilon
Fedhas
Hepliaklqana
Kikubaaqudgha
Okawaru
Qazlal
Trog
Xom
Yredelemnul
Zin
The Shining One

Annotations:
D:3 2 transporters
D:6 1 runed door


Message History

* * * LOW HITPOINT WARNING * * *
The water moccasin zombie bites you but does no damage.
You completely miss the water moccasin zombie.
The water moccasin zombie is lightly damaged.
You feel sick. Something hits you.
* * * LOW HITPOINT WARNING * * *
Something shocks you.
* * * LOW HITPOINT WARNING * * *
The water moccasin zombie bites you.
* * * LOW HITPOINT WARNING * * *
A red film seems to cover your vision as you go berserk!
You feel yourself moving faster!
You feel mighty!
You block the water moccasin zombie's attack.
Something hits you but does no damage.
You miss something.
You feel sick.
The water moccasin zombie bites you but does no damage.
Something hits you.
* * * LOW HITPOINT WARNING * * *
Something shocks you.
You die...

#[..............
#......##.......
#.....≈##.......
#.....≈.........
#....#[...#....
...........# .
...##......# ..
##....†Z# .
....$.{@#
....###### ....
...


You could see a water moccasin zombie.

Vanquished Creatures
  3 sky beasts
  An ice beast (D:5)
  A centaur (D:5)
  A bullfrog (D:6)
  A scorpion (D:9)
  A howler monkey (D:5)
  A human zombie (Ossuary)
  A bullfrog skeleton (D:4)
  2 orc priests
  4 orc wizards
  2 iguanas (D:4)
  7 worker ants
  4 mummies (Ossuary)
  6 adders
  A shadow imp (D:5)
  5 adder zombies
  An adder skeleton (D:4)
  3 worms
  3 leopard geckos
  27 orcs
  4 bats
  6 giant cockroaches
  12 goblins
  9 hobgoblins
  5 jackals
  3 weasels
  A ball python (D:3)
  A ball python skeleton (D:4)
  7 frilled lizards
  A goblin zombie (Ossuary)
  2 hobgoblin zombies (Ossuary)
  12 kobolds
  2 kobold zombies (Ossuary)
  An orc zombie (Ossuary)
  8 rats
  2 rat zombies (Ossuary)
151 creatures vanquished.

Notes
Turn   | Place    | Note
-------+----------+-------------------------------------------
     0 | D:1      | catcat the Mountain Dwarf Fighter began the quest for the
                  | Orb.
     0 | D:1      | Reached XP level 1. HP: 19/19 MP: 0/0
   141 | D:1      | Reached skill level 3 in Maces & Flails
   145 | D:1      | Reached XP level 2. HP: 25/27 MP: 1/1
   833 | D:2      | Found a glowing golden altar of the Shining One.
   871 | D:2      | Reached XP level 3. HP: 33/33 MP: 2/2
  1096 | D:2      | Reached skill level 4 in Maces & Flails
  1600 | D:3      | Reached XP level 4. HP: 39/41 MP: 3/3
  1620 | D:3      | Reached skill level 5 in Maces & Flails
  1776 | D:3      | Found a transporter.
  1787 | D:3      | Noticed a hungry ghost
  1789 | D:3      | Found a shattered altar of Ashenzari.
  1900 | D:3      | Found a glowing golden altar of the Shining One.
  2071 | D:3      | Reached skill level 5 in Fighting
  2071 | D:3      | Reached XP level 5. HP: 48/48 MP: 4/4
  2253 | D:3      | Found a shimmering altar of Xom.
  2308 | D:3      | Found a transporter.
  2499 | D:4      | Found a sand-covered staircase.
  2505 | Ossuary  | Entered an ossuary
  2519 | Ossuary  | Reached skill level 6 in Maces & Flails
  2810 | Ossuary  | Reached XP level 6. HP: 56/56 MP: 5/5
  2984 | D:4      | Found a bloodstained altar of Trog.
  3139 | D:4      | Found a snail-covered altar of Cheibriados.
  3240 | D:4      | Reached skill level 7 in Maces & Flails
  3511 | D:5      | Entered Level 5 of the Dungeon
  3750 | D:5      | Reached skill level 1 in Dodging
  3750 | D:5      | Reached XP level 7. HP: 51/63 MP: 6/6
  3819 | D:5      | Reached skill level 8 in Maces & Flails
  3920 | D:5      | Found a staircase to the Ecumenical Temple.
  3938 | Temple   | Entered the Ecumenical Temple
  3945 | Temple   | Became a worshipper of Warmaster Okawaru
  4007 | D:5      | Reached skill level 9 in Maces & Flails
  4218 | D:5      | Reached skill level 5 in Shields
  4224 | D:5      | Reached XP level 8. HP: 70/70 MP: 7/7
  4442 | D:6      | Found a glowing silver altar of Zin.
  4442 | D:6      | Noticed an angel
  4443 | D:6      | Found a runed door.
  4543 | D:6      | Reached * piety under Okawaru
  4598 | D:6      | Reached skill level 10 in Maces & Flails
  4638 | D:6      | You are sucked into a shaft for 3 floors!
  4664 | D:9      | HP: 5/105 [something (1)]
  4664 | D:9      | Slain by a sky beast

Vault maps used:
D:1:      dpeg_arrival_rhombus
D:2:      lemuel_round_altar, first_bread, st_stairs_10
D:3:      gammafunk_temple_overflow_arena, nicolae_overflow_hidden_temple,
          nicolae_tso_carved_into_rock
D:4:      overflow_temple_1_default, cheibriados_altar_1,
          nicolae_ossuary_entry_ruins
D:5:      temple_pool_b
D:6:      lemuel_angel_altar
D:9:      minmay_cut_squares, serial_shops, shop, the_bakery
Temple:   cyrus_circular_temple
Ossuary:  ossuary_minmay_tomb_2a

Skill      XL: |  1  2  3  4  5  6  7  8 |
---------------+-------------------------+-----
Maces & Flails | 3 4 5 6 7 9 10 | 10.6
Fighting       | 4 5 6 |  6.0
Dodging        | 1 |  1.2
Shields        | 5 |  5.0
Armour         | |  4.0

Action                   |  1- 3 |  4- 6 |  7- 9 || total
-------------------------+-------+-------+-------++-------
Melee: Flail             |   159 |   255 |       ||   414
       Hunting sling     |     1 |       |       ||     1
       Morningstar       |       |    13 |   151 ||   164
 Fire: Hunting sling     |     8 |       |       ||     8
  Use: Potion            |       |     1 |     1 ||     2
       Scroll            |       |     8 |     2 ||    10
  Eat: Chunk             |     2 |     3 |     4 ||     9
       Bread ration      |       |     1 |       ||     1
Armor: Scale mail        |    63 |    15 |       ||    78
       Plate armour      |       |   213 |    75 ||   288
Dodge: Dodged            |    50 |    79 |    43 ||   172
Block: Shield            |    98 |   199 |    70 ||   367

Table legend:
 A = Spawn XP
 B = Non-spawn XP
 C = Spawn XP percentage of total XP
 D = Spawn monster count
 E = Non-spawn monster count
 F = Spawn count percentage of total count
 G = Total turns spent on level
                    A         B        C        D         E        F      G
               +---------+---------+-------+---------+---------+-------+---------
         Total |     310 |    1589 |  16.3 |      14 |     137 |   9.3 |  4664
               +---------+---------+-------+---------+---------+-------+---------
           D:1 |       3 |      34 |   8.1 |       2 |      21 |   8.7 |   741
           D:2 |       8 |      45 |  15.1 |       3 |      19 |  13.6 |   841
           D:3 |      19 |     174 |   9.8 |       2 |      39 |   4.9 |   969
           D:4 |       5 |     200 |   2.4 |       1 |       9 |  10.0 |   669
           D:5 |     187 |     694 |  21.2 |       5 |      20 |  20.0 |   769
           D:6 |      88 |     104 |  45.8 |       1 |      10 |   9.1 |   220
           D:9 |       0 |     200 |   0.0 |       0 |       2 |   0.0 |    26
        Temple |       0 |       2 |   0.0 |       0 |       1 |   0.0 |    18
       Ossuary |       0 |     136 |   0.0 |       0 |      16 |   0.0 |   411
               +---------+---------+-------+---------+---------+-------+---------
